 Dungeon Crawl Stone Soup version 0.19.0-18-g426998a (webtiles) character file.

9824 emikaela the Nimble (level 11, -3/58 HPs)
             Began as a Spriggan Monk on Nov 11, 2016.
             Was an Elder of Nemelex Xobeh.
             Slain by a ghost crab (4 damage)
             ... on level 11 of the Dungeon.
             The game lasted 01:01:40 (13276 turns).

emikaela the Nimble (Spriggan Monk)                Turns: 13276, Time: 01:01:41

Health: -3/58      AC:  3    Str:  2    XL:     11   Next: 28%
Magic:  1/17       EV: 32    Int: 13    God:    Nemelex Xobeh [****..]
Gold:   367        SH:  0    Dex: 25    Spells: 0 memorised, 10 levels left

rFire  . . .     SeeInvis +     a - +3 rapier "Qithry Matavo" {drain, +Inv Str-5 Dex+4}
rCold  . . .     Gourm    .     t - +1 robe
rNeg   + . .     Faith    .     (shield restricted)
rPois  .         Spirit   .     z - +0 hat {SInv}
rElec  .         Reflect  .     (no cloak)
rCorr  .         Harm     .     (gloves unavailable)
MR     ++...                    (boots unavailable)
Stlth  +++++.....               r - amulet of regeneration
                                J - ring of protection from magic
                                f - ring of positive energy

@: barbed spikes, drained, very quick
A: unfitting armour, see invisible, herbivore 3, speed 3, slow metabolism 2
a: Triple Draw, Deal Four, Renounce Religion, Evoke Invisibility


You were on level 11 of the Dungeon.
You worshipped Nemelex Xobeh.
Nemelex Xobeh was greatly pleased with you.
You were very hungry.

You visited 1 branch of the dungeon, and saw 11 of its levels.

You collected 367 gold pieces.

Inventory:

Hand Weapons
 a - the +3 rapier "Qithry Matavo" (weapon) {drain, +Inv Str-5 Dex+4}
   (You found it on level 8 of the Dungeon)

   A truly terrible weapon, it drains the life of those it strikes.
   It affects your strength (-5).
   It affects your dexterity (+4).
   It lets you turn invisible.
 b - a +0 shortbow
 c - a +2 dagger of electrocution
 T - a +2 hand crossbow of velocity
Missiles
 e - 356 stones (quivered)
 k - 150 arrows
 o - 98 bolts
 u - 30 sling bullets
 v - 10 tomahawks
 y - 33 poisoned needles
 M - 6 needles of sleeping
Armour
 t - a +1 robe (worn)
 z - a +0 hat of see invisible (worn)
 R - a +0 buckler
Jewellery
 f - a ring of positive energy (left hand)
 n - a +4 ring of intelligence
 r - an amulet of regeneration (around neck)
 J - a ring of protection from magic (right hand)
Scrolls
 d - a scroll of enchant weapon
 g - 3 scrolls of enchant armour
 i - 3 scrolls of teleportation
 B - 3 scrolls of immolation
 E - a scroll of recharging
 F - 2 scrolls of amnesia
 H - a scroll of blinking
 I - 2 scrolls of fear {unknown}
 P - a scroll of random uselessness {unknown}
 S - a scroll of magic mapping
 V - a scroll of vulnerability {unknown}
Potions
 h - 6 potions of berserk rage
 j - 2 potions of flight {unknown}
 l - 4 potions of curing
 m - 2 potions of heal wounds
 q - 2 potions of brilliance
 s - a potion of magic
 w - a potion of might
 D - 2 potions of agility
 K - 2 potions of cancellation {unknown}
 L - 2 potions of lignification {unknown}
 O - a potion of haste
Books
 U - a book of Party Tricks
Miscellaneous
 p - an ornate deck of summoning {drawn: 4}
 x - a legendary deck of destruction
 Q - a plain deck of destruction
Comestibles
 A - 2 fruits
 N - 7 bread rations


   Skills:
 + Level 7.5(7.3) Fighting
 + Level 7.3(7.1) Short Blades
   Level 3.2(3.0) Polearms
 - Level 4.1(3.9) Bows
 + Level 12.7(12.4) Dodging
 - Level 10.0(9.7) Stealth
 + Level 7.9(7.7) Invocations


You had 10 spell levels left.
You didn't know any spells.

Dungeon Overview and Level Annotations

Branches:
Dungeon (11/15)            Temple (0/1) D:7            Lair (0/6) D:8
    Orc: D:9-12

Altars:
Cheibriados
Dithmenos
Kikubaaqudgha
Nemelex Xobeh
Okawaru
Uskayaw
Vehumet
Zin

Shops:
D:10 :


Innate Abilities, Weirdness & Mutations

You are very small and have problems with some larger weapons.
You are too small for most types of armour.
You have supernaturally acute eyesight. (SInv)
You are a herbivore.
You cover ground extremely quickly.
You need consume almost no food.


Message History

You deal a card...
It is Vitriol.
You have dealt Vitriol.
Press: ? - help, Shift-Dir - straight line, f - ghost crab, p - crocodile
Aim: a ghost crab The bolt of acid hits the ghost crab.
The ghost crab is splashed with acid.
The acid corrodes the ghost crab!
The ghost crab is heavily damaged.
The bolt of acid misses the hell hound.
You deal a card...
It is the Orb.
You have dealt the Orb.
Press: ? - help, Shift-Dir - straight line, f - crocodile, p - ghost crab
Aim: a crocodile (misshapen and mutated)
The wavering orb of destruction weakly hits the crocodile.
The crocodile is almost dead.
The deck of cards glows slightly and disappears.
* * * LOW MAGIC WARNING * * *
The hound skeleton misses you. The ghost crab bites you!
* * * LOW HITPOINT WARNING * * *
You partially resist.
You feel drained.
You die...
Your body disappears without a glow.

#...........#
+...........#
#...........#
#...#####...######+#
#...#...#...........
#...#...#...........
#...#..o#.}.........
#####...#.§##########...
#.......#.8t@#...5..# ..
#.......#.§tZ#.8....# .
#.......+.§§§§......#
#...#####h.%)?..#####
#...# §§...%...+ #...#
§.§8......#
#...#.§§§.....8.#
#...#########...#
#.........


You could see a ghost crab, a hell hound, a crocodile and a hound skeleton
(dazed).

Vanquished Creatures
  An unseen horror (D:10)
  A two-headed ogre (D:10)
  A hornet (D:9)
  A blink frog (D:4)
  A hippogriff (D:8)
  A yak (D:9)
  A wyvern (D:11)
  A hungry ghost (D:7)
  2 wargs (D:8)
  3 water moccasins
  An ice beast (D:6)
  4 phantoms
  5 orc warriors
  3 sky beasts
  2 centaurs (D:8)
  An ogre (D:8)
  5 bullfrogs
  3 big kobolds
  A wyvern zombie (D:11)
  6 scorpions
  5 killer bees
  5 wights
  10 electric eels
  2 howler monkeys (D:7)
  7 crimson imps
  2 bullfrog zombies
  5 hounds
  4 jellies
  3 orc priests
  Natasha (thrice) (D:4)
  2 bullfrog skeletons
  15 orc wizards
  2 centaur skeletons
  An iguana (D:8)
  7 worker ants
  2 killer bee zombies
  A worker ant zombie (D:9)
  4 adders
  5 gnolls
  4 shadow imps
  3 adder skeletons
  3 worms
  5 dart slugs
  9 leopard geckos
  67 orcs
  2 bats
  2 bat zombies (D:4)
  3 giant cockroaches
  5 hobgoblins
  13 jackals
  7 quokkas
  2 ball pythons (D:2)
  4 frilled lizards
  12 goblins
  A jackal skeleton (D:7)
  19 kobolds
  9 rats
299 creatures vanquished.

Vanquished Creatures (collateral kills)
  A centaur skeleton (D:10)
  3 yaks (D:9)
  A wyvern (D:4)
  Menkaure (D:4)
  A naga (D:4)
  An orc warrior (D:9)
  3 sky beasts
  A phantom (D:7)
  2 centaurs
  2 bullfrogs (D:9)
  A killer bee (D:9)
  A howler monkey (D:7)
  A centaur zombie (D:9)
  An orc wizard (D:7)
  5 orcs
  A bat zombie (D:4)
  2 jackals (D:4)
  2 kobolds (D:7)
  A rat zombie (D:4)
31 creatures vanquished.

Vanquished Creatures (others)
  Gastronok (D:10)
  A boggart (D:4)
  A wolf (D:4)
  2 orcs
  A plant (D:10)
6 creatures vanquished.

Grand Total: 336 creatures vanquished

Notes
Turn   | Place    | Note
-------+----------+-------------------------------------------
     0 | D:1      | emikaela the Spriggan Monk began the quest for the Orb.
     0 | D:1      | Reached XP level 1. HP: 11/11 MP: 2/2
   162 | D:1      | Reached XP level 2. HP: 16/16 MP: 3/3
   917 | D:1      | Reached XP level 3. HP: 15/19 MP: 4/4
  1573 | D:2      | Reached skill level 5 in Dodging
  1640 | D:2      | Reached XP level 4. HP: 13/23 MP: 5/5
  2750 | D:3      | Found a faded altar of an unknown god.
  2761 | D:3      | Became a worshipper of Nemelex Xobeh the Trickster
  2761 | D:3      | Received a gift from Nemelex Xobeh
  2761 | D:3      | Reached * piety under Nemelex Xobeh
  2761 | D:3      | Received a gift from Nemelex Xobeh
  2761 | D:3      | Reached ** piety under Nemelex Xobeh
  2761 | D:3      | Received a gift from Nemelex Xobeh
  2975 | D:3      | Reached *** piety under Nemelex Xobeh
  2975 | D:3      | Received a gift from Nemelex Xobeh
  3199 | D:4      | Noticed Menkaure
  3272 | D:4      | Noticed Pikel
  3272 | D:4      | Noticed a slave
  3272 | D:4      | Noticed a slave
  3272 | D:4      | Noticed a slave
  3272 | D:4      | Noticed a slave
  3274 | D:4      | Noticed Pikel
  3274 | D:4      | Pikel changed into Pikel the blink frog
  3274 | D:4      | Noticed a boggart
  3274 | D:4      | a slave changed into a boggart
  3274 | D:4      | Noticed a naga
  3274 | D:4      | a slave changed into a naga
  3274 | D:4      | Noticed a wolf
  3274 | D:4      | a slave changed into a wolf
  3274 | D:4      | Noticed a wyvern
  3274 | D:4      | a slave changed into a wyvern
  3279 | D:4      | Killed Pikel the blink frog
  3279 | D:4      | Reached skill level 5 in Stealth
  3279 | D:4      | Reached skill level 1 in Invocations
  3279 | D:4      | Reached XP level 5. HP: 17/28 MP: 5/7
  3279 | D:4      | Reached XP level 6. HP: 20/32 MP: 5/8
  3281 | D:4      | Killed a wyvern
  3286 | D:4      | Killed a naga
  3292 | D:4      | Reached skill level 6 in Dodging
  3365 | D:4      | Noticed an insubstantial wisp
  3374 | D:4      | Killed Menkaure
  3624 | D:4      | Noticed Natasha
  3635 | D:4      | Killed Natasha
  3899 | D:4      | Found a hide-covered altar of Uskayaw.
  3901 | D:4      | Noticed Natasha
  3907 | D:4      | Killed Natasha
  3977 | D:4      | Found an ancient bone altar of Kikubaaqudgha.
  4071 | D:4      | Reached XP level 7. HP: 29/36 MP: 9/9
  4095 | D:4      | Found a snail-covered altar of Cheibriados.
  4305 | D:4      | Noticed Natasha
  4317 | D:4      | Killed Natasha
  4424 | D:5      | Entered Level 5 of the Dungeon
  4481 | D:5      | Received a gift from Nemelex Xobeh
  4553 | D:5      | Reached skill level 7 in Dodging
  4884 | D:5      | Received a gift from Nemelex Xobeh
  5041 | D:5      | Upgraded the game from 0.19.0-17-g07987d3 to 0.19.0-18-g426998a
  5361 | D:6      | Reached XP level 8. HP: 35/42 MP: 11/11
  5448 | D:6      | Reached **** piety under Nemelex Xobeh
  5643 | D:6      | Reached skill level 8 in Dodging
  5925 | D:7      | Found a staircase to the Ecumenical Temple.
  6011 | D:7      | Reached skill level 5 in Fighting
  6161 | D:6      | Reached skill level 9 in Dodging
  6237 | D:7      | Received a gift from Nemelex Xobeh
  6283 | D:7      | Reached skill level 5 in Invocations
  6512 | D:7      | Reached XP level 9. HP: 45/47 MP: 12/14
  7011 | D:7      | Reached skill level 10 in Dodging
  7144 | D:8      | Found a glowing silver altar of Zin.
  7153 | D:8      | Received a gift from Nemelex Xobeh
  7215 | D:8      | Reached skill level 1 in Short Blades
  7449 | D:8      | Found a staircase to the Lair.
  8380 | D:8      | Got a crystal rapier
  8381 | D:8      | Identified the +3 rapier "Qithry Matavo" {drain, +Inv Str-5 Dex+4} (You found it on level 8 of the Dungeon)
  8409 | D:8      | Reached ***** piety under Nemelex Xobeh
  8915 | D:9      | Found a shadowy altar of Dithmenos.
  8915 | D:9      | Found an iron altar of Okawaru.
  9017 | D:8      | Reached skill level 11 in Dodging
  9100 | D:9      | Reached XP level 10. HP: 53/53 MP: 15/15
  9107 | D:9      | Reached skill level 5 in Short Blades
  9449 | D:9      | Found a radiant altar of Vehumet.
  9853 | D:9      | Received a gift from Nemelex Xobeh
  9993 | D:9      | Reached skill level 1 in Bows
 10254 | D:9      | Reached skill level 10 in Stealth
 10774 | D:10     | Entered Level 10 of the Dungeon
 11243 | D:10     | Reached skill level 12 in Dodging
 11465 | D:10     | Noticed an unseen horror
 11497 | D:10     | Killed an unseen horror
 11910 | D:10     | Noticed Gastronok
 11922 | D:10     | Killed Gastronok
 11922 | D:10     | Reached XP level 11. HP: 58/58 MP: 9/17
 11975 | D:10     | Received a gift from Nemelex Xobeh
 12764 | D:10     | Found Idonuts's Book Emporium.
 13268 | D:11     | Received a gift from Nemelex Xobeh
 13276 | D:11     | Noticed a ghost crab
 13276 | D:11     | a manticore changed into a ghost crab
 13276 | D:11     | HP: 1/58 [ghost crab (17)]
 13276 | D:11     | Slain by a ghost crab

Skill      XL: |  1  2  3  4  5  6  7  8  9 10 |
---------------+-------------------------------+-----
Stealth        | 4 5 6 7 8 9 10 | 10.0
Dodging        | 5 6 7 9 11 12 | 12.7
Fighting       | 3 4 5 6 7 |  7.5
Polearms       | 3 |  3.2
Invocations    | 1 2 3 5 6 7 |  7.9
Short Blades   | 4 7 |  7.3
Bows           | 4 |  4.1

Action                   |  1- 3 |  4- 6 |  7- 9 | 10-12 || total
-------------------------+-------+-------+-------+-------++-------
Melee: Spear             |   223 |   132 |       |       ||   355
       Whip              |       |    44 |   311 |       ||   355
       Dagger            |       |       |   130 |    24 ||   154
       Rapier            |       |       |    42 |   331 ||   373
 Fire: Hunting sling     |       |     8 |   106 |       ||   114
       Shortbow          |       |       |    11 |   349 ||   360
       Hand crossbow     |       |       |       |     1 ||     1
Invok: Deal Four         |       |       |       |     3 ||     3
Evoke: Deck              |       |    16 |     8 |     6 ||    30
  Use: Scroll            |     1 |    12 |     6 |     2 ||    21
 Stab: Sleeping          |     8 |     7 |    17 |     4 ||    36
       Distracted        |       |       |     4 |     2 ||     6
  Eat: Bread ration      |       |       |     1 |       ||     1
       Pizza             |       |       |     1 |     2 ||     3
       Fruit             |       |       |       |     1 ||     1
Armor: Robe              |    15 |    21 |    22 |     7 ||    65
Dodge: Dodged            |   152 |   125 |   446 |   379 ||  1102
